 Dungeon Crawl Stone Soup version 0.31-a0-851-g7ff8af7976 (webtiles) character file.

Game seed: 5498304578850810158

172 Flugkiller the Insei (level 5, 0/49 HPs)
             Began as an Octopode Shapeshifter on Oct 6, 2023.
             Was an Initiate of Wu Jian.
             Slain by an iguana (6 damage)
             ... on level 4 of the Dungeon.
             The game lasted 00:01:30 (2090 turns).

Flugkiller the Insei (Octopode Shapeshifter)        Turns: 2090, Time: 00:01:30

Health: 0/49       AC: 22    Str: 13    XL:     5   Next: 53%
Magic:  5/5        EV:  2    Int: 12    God:    Wu Jian [......]
Gold:   183        SH:  0    Dex: 14    Spells: 4/4 levels left

rFire   . .          .
                       - Unarmed
rCold   . . .        (no shield)
rNeg    . . .        (helmet currently unavailable)
rPois   +            (no amulet)
rElec   .            v - +5 ring of evasion
rCorr   .            (no ring)
SInv    .            (no ring)
Will    .....        (no ring)
Stlth   +            (no ring)
HPRegen 0.28/turn    (no ring)
MPRegen 0.09/turn    (no ring)
                     (no ring)

%: no passive effects
@: tree-form
A: stationary, stasis, torment immunity, boosted hp, almost no armour,
(amphibious), 8 rings, (camouflage 1), (gelatinous body 1), (nimble swimmer 1),
(tentacles)
a: Renounce Religion


You were on level 4 of the Dungeon.
You worshipped Wu Jian.
Wu Jian was noncommittal.
You were a tree.
You visited 1 branch of the dungeon, and saw 4 of its levels.

You collected 183 gold pieces.

Inventory:

Hand Weapons
 m - the +3 greatsling "Punk" {acid, rCorr}
   (You found it on level 3 of the Dungeon)

   rCorr:     It protects you from acid and corrosion.
Jewellery
 l - a ring of wizardry
   (You found it on level 2 of the Dungeon)
 v - a +5 ring of evasion (left branch)
   (You found it on level 1 of the Dungeon)
Talismans
 b - a beast talisman
 c - a flux talisman
Scrolls
 f - 3 scrolls of teleportation {unknown}
 g - a scroll of fear {unknown}
 j - 3 scrolls of identify {unknown}
 k - a scroll of blinking {unknown}
 p - a scroll of vulnerability {unknown}
Potions
 d - a potion of magic {unknown}
 e - a potion of invisibility {unknown}
 h - a potion of enlightenment {unknown}
 i - a potion of attraction {unknown}
 n - a potion of resistance {unknown}
 o - a potion of heal wounds {unknown}
 q - a potion of curing {unknown}
 r - a potion of brilliance {unknown}


   Skills:
 - Level 1.0 Fighting
 - Level 2.0 Dodging
 + Level 6.0 Unarmed Combat
 - Level 3.0 Shapeshifting


You had 4 spell levels left.
You didn't know any spells.
Your spell library contained the following spells:

 Spells                   Type           Power      Damage    Failure   Level
 Magic Dart               Conj           0%         1d3       32%         1
 Call Imp                 Summ           0%         N/A       45%         2
 Lesser Beckoning         Tloc           0%         N/A       45%         2
 Gell's Gravitas          Tloc           0%         N/A       69%         3
 Mephitic Cloud           Conj/Pois/Air  0%         N/A       69%         3
 Teleport Other           Tloc           0%         N/A       69%         3


Dungeon Overview and Level Annotations

Branches:
Dungeon (4/15) Zot: 21920
 Temple: D:4-7

Altars:
Kikubaaqudgha
Wu Jian


Innate Abilities, Weirdness & Mutations

You are a tree.
Your roots penetrate the ground, keeping you stationary.
You cannot be teleported.
You are immune to unholy pain and torment.
Your maximum health is greatly increased.
You cannot wear most types of armour.
((You are amphibious.))
You can wear up to eight rings at the same time.
((Your skin changes colour to match your surroundings (Stealth+).))
((Your rubbery body absorbs attacks. (AC +1, EV +1)))
((You are camouflaged when in or above water. (Stealth+)))
((You have tentacles for arms and can constrict up to eight enemies at once.))


Message History

Done exploring.
No target in view!
Done exploring.
Done exploring.
Unknown command.
A ball python is nearby!
You lunge at the ball python.
You strike the helpless ball python from behind!
You bludgeon the ball python!
You kill the ball python!
The Council accepts your kill.
No target in view!
No target in view!
No target in view!
No target in view!
No target in view!
No target in view!
Done exploring.
No target in view!
Done exploring.
Done exploring.
Items here: ))) [[.
Items here: ))) [.
A goblin comes into view. It is wielding a +0 dagger.
Unknown command.
A goblin is nearby!
You lunge at the goblin.
The goblin shouts!
You tentacle-slap the goblin. You grab the goblin.
The goblin is heavily wounded.
You constrict the goblin. The goblin barely misses you.
You bludgeon the goblin!
You kill the goblin!
The Council accepts your kill.
No target in view!
No target in view!
No target in view!
No target in view!
No target in view!
Done exploring.
No target in view!
Done exploring.
Done exploring.
There is an escape hatch in the floor, spattered with blood here.
There is a stone staircase leading down here.
You climb downwards.
You hear the sound of rushing water.
There is an entrance to a sewer on this level.
Hurry and find it before the portal rusts away!
There is a stone staircase leading up here.
A jelly comes into view.
Found 11 gold pieces.
A jelly is nearby!
A sleepcap and an iguana come into view.
The iguana hisses angrily.
The iguana moves out of view.
The sleepcap misses you.
You tentacle-slap the sleepcap. You grab the sleepcap.
The sleepcap is lightly damaged.
You constrict the sleepcap, but do no damage.
You tentacle-slap the sleepcap. You squeeze the sleepcap.
The sleepcap is heavily damaged.
You constrict the sleepcap, but do no damage.
The sleepcap completely misses you.
You tentacle-slap the sleepcap.
The sleepcap is heavily damaged.
You constrict the sleepcap, but do no damage.
The sleepcap releases spores at you.
You tentacle-slap the sleepcap.
The sleepcap is severely damaged.
You constrict the sleepcap. The iguana bites you.
The sleepcap releases spores at you.
You tentacle-slap the sleepcap but do no damage.
The sleepcap is severely damaged.
You constrict the sleepcap. The sleepcap releases spores at you.
The iguana bites you!
* * * LOW HITPOINT WARNING * * *
Unknown command.
Okay, then.
Your transformation has ended.
You turn into a tree.
Your roots penetrate the ground.
You lose your grip on the sleepcap.
The iguana bites you but does no damage.
The sleepcap releases spores at you but does no damage.
Unknown command.
You smack the sleepcap!
You destroy the sleepcap!
The Council accepts your kill.
The iguana bites you but does no damage.
Your Unarmed Combat skill increases to level 6!
Unknown command.
You hit the iguana but do no damage.
The iguana bites you but does no damage.
You hit the iguana but do no damage. The iguana bites you.
* * * LOW HITPOINT WARNING * * *
You hit the iguana.
The iguana is moderately wounded.
You closely miss the iguana.
The iguana is moderately wounded.
The iguana bites you.
You die...

###### ###....
#..... ##
###.#..♣ ..#
..#...#..♣...#
.......lP...#
#..♣♣...#
####.....#
###.......##
#...#...###
##.##...#
#...##.##
##...#.#
##...#### .##
## ##.....##


You could see an iguana.

Vanquished Creatures
  A sleepcap (D:4)
  An iguana (D:3)
  An orc wizard (D:3)
  An adder (D:2)
  2 worms (D:2)
  14 orcs (D:3)
  4 endoplasms
  4 giant cockroaches
  4 goblins
  A hobgoblin (D:2)
  2 jackals (D:3)
  5 quokkas
  10 ball pythons
  3 bats
  2 frilled lizards (D:3)
  5 kobolds
  3 rats
63 creatures vanquished.

Notes
Turn   | Place    | Note
-------+----------+-------------------------------------------
     0 | D:1      | Flugkiller the Octopode Shapeshifter began the quest for
                  | the Orb.
     0 | D:1      | Reached XP level 1. HP: 13/13 MP: 1/1
   181 | D:1      | Reached XP level 2. HP: 18/18 MP: 2/2
   402 | D:1      | Found a faded altar of an unknown god.
   456 | D:1      | Reached skill level 4 in Unarmed Combat
   669 | D:2      | Reached XP level 3. HP: 13/23 MP: 3/3
  1255 | D:3      | Reached skill level 5 in Unarmed Combat
  1255 | D:3      | Reached XP level 4. HP: 28/28 MP: 4/4
  1268 | D:3      | Found the +3 greatsling "Punk" {acid, rCorr}
  1542 | D:3      | Reached XP level 5. HP: 11/33 MP: 5/5
  1726 | D:3      | Found an ornate altar of the Wu Jian Council.
  1737 | D:3      | Became a worshipper of the Wu Jian Council
  1897 | D:3      | Found an ancient bone altar of Kikubaaqudgha.
  2087 | D:4      | Reached skill level 6 in Unarmed Combat
  2090 | D:4      | Slain by an iguana

Illustrated notes

Levels and vault maps discovered:
D:1:      wheals_arrival_linesprint, layout_rooms,
          ebering_ecumenical_altar_webs, grunt_decor_fettered
D:2:      layout_rooms, nicolae_figureground_pulse
D:3:      layout_basic, mainiacjoe_overflow_surrounded_room,
          nzn_wu_jian_council_hall, amcnicky_mini_pool_small
D:4:      layout_cave_pools, mainiacjoe_overflow_alcove_2, led_sif_pool,
          serial_park, serial_park_square1 [serial_park_minivault_5x5_4],
          serial_park_tiny_1, serial_park_tiny_2, serial_park_tiny_2,
          cheibrodos_sewer_entry_bend, nicolae_stop_n_shop_1, uniq_edmund,
          uniq_crazy_yiuf_cottage

Skill      XL: |  1  2  3  4  5 |
---------------+----------------+-----
Unarmed Combat | 4 5 6 |  6.0
Fighting       | |  1.0
Dodging        | |  2.0
Shapeshifting  | |  3.0

Action                     |  1- 3 |  4- 6 || total
---------------------------+-------+-------++-------
  Melee: Unarmed           |    65 |    64 ||   129
         Constrict         |    19 |    16 ||    35
         Tentacles         |    11 |     9 ||    20
         Punch             |       |     1 ||     1
Ability: Lunge             |       |     4 ||     4
    Use: Potion            |       |     1 ||     1
   Stab: Sleeping          |     5 |     2 ||     7
         Distracted        |       |     1 ||     1
 Armour: Skin              |    22 |    24 ||    46
  Dodge: Dodged            |    44 |    28 ||    72

Table legend: (Time is in decaauts)
 A = Elapsed time spent in this place.
 B = Non-inter-level travel time spent in this place.
 C = Inter-level travel time spent in this place.
 D = Time resting spent in this place.
 E = Time spent auto-exploring this place.
 F = Levels seen in this place.
 G = Mean time per level.
                   A        B        C        D        E       F      G
               +--------+--------+--------+--------+--------+-----+--------+
         Total |   2079 |   1907 |    172 |    164 |   1323 |   4 |  519.8 |
       Dungeon |   2079 |   1907 |    172 |    164 |   1323 |   4 |  519.8 |
               +--------+--------+--------+--------+--------+-----+--------+

Top non-repeatable levels by time:
     D:3: 790 daAuts
     D:1: 641 daAuts
     D:2: 620 daAuts
     D:4: 26 daAuts
